[Event "Late-Titled-Tuesday-Blitz-June-18-2024"]
[Site "Chess.com"]
[Date "2024.06.18"]
[Round "4"]
[White "Navyblue1"]
[Black "JCVanDamme10"]
[Result "0-1"]
[WhiteElo "2173"]
[BlackElo "2369"]
[TimeControl "180+1"]
[EndTime "14:41:30 PDT"]
[Termination "JCVanDamme10 won on time"]

1. d4 d5 2. c4 c6 3. cxd5 cxd5 4. Nc3 Nc6 5. Bf4 Nf6 6. e3 a6 7. Bd3 Bg4 8. Nge2 e6 9. O-O Be7 10. h3 Bxe2 11. Qxe2 O-O 12. Rac1 Rc8 13. Bb1 Na5 14. Qd3 g6 15. Qe2 Nc4 16. b3 Na3 17. Bd3 Qa5 18. Na4 Ne4 19. Bxe4 dxe4 20. Bg3 f5 21. Qb2 Nb5 22.
Nc5 Bxc5 23. dxc5 Qd8 24. Be5 Nc7 25. Rfd1 Nd5 26. Bh8 Qe7 27. Bd4 Rfd8 28. a3 Nc7 29. b4 Nb5 30. Bf6 Rxd1+ 31. Rxd1 Qf7 32. a4 Nc7 33.
Be5 Nd5 34. Bd4 Qd7 35. b5 axb5 36. axb5 Qc7 37. Rc1 Qd7 38. Qb3 Kf7 0-1

[Event "Late-Titled-Tuesday-Blitz-June-18-2024"]
[Site "Chess.com"]
[Date "2024.06.18"]
[Round "4"]
[White "Rashad_Zeynalli"]
[Black "Omranalhosani21"]
[Result "1-0"]
[WhiteElo "2740"]
[BlackElo "2544"]
[TimeControl "180+1"]
[EndTime "14:41:31 PDT"]
[Termination "Rashad_Zeynalli won on time"]

1. d4 Nf6 2. Bf4 Nd5 3. Bc1 c5 4. e4 Nf6 5. e5 Nd5 6. dxc5 Qa5+ 7. Nd2 e6 8. c3 Qxc5 9. Ne4 Qc7 10. Nf3 Nc6 11.
Bc4 Nxe5 12. Bxd5 Nxf3+ 13. gxf3 exd5 14. Qxd5 d6 15. Bf4 Be6 16. Qd4 Rd8 17. O-O-O Qa5 18. a3 Qf5 19. Bxd6 Qxf3 20. Rhe1 Bxd6 21. Nxd6+ Kf8 22.
Qxa7 Qf4+ 23. Kb1 g6 24. Nxb7 Rxd1+ 25. Rxd1 Qf5+ 26. Ka1 Kg7 27. Qd4+ f6 28. Nd6 Qf3 29.
Re1 Qh3 30. Ne4 Qf5 31. Nxf6 Qxf6 32. Rxe6 Qxd4 33. cxd4 Rf8 34. Re2 Rf3 35. Rd2 Rh3 36. d5 Kf7 37. d6 Ke8 38. f4 Kd7 39. a4 Rf3 40. Ka2 Rxf4 41. Ka3 g5 42. a5 Rf8 43. b4 h5 44. Rd5 Rg8 45. a6 h4 46. h3 g4 47. hxg4 Rh8 48. a7 h3 49.
Rd2 Kc6 50. d7 Kb7 51. d8=Q 1-0

[Event "Late-Titled-Tuesday-Blitz-June-18-2024"]
[Site "Chess.com"]
[Date "2024.06.18"]
[Round "4"]
[White "Igor_Lysyj"]
[Black "Hikaru"]
[Result "0-1"]
[WhiteElo "2843"]
[BlackElo "3294"]
[TimeControl "180+1"]
[EndTime "14:41:32 PDT"]
[Termination "Hikaru won by resignation"]

1. d4 Nf6 2. c4 b6 3. Nc3 Bb7 4. Nf3 d5 5. a3 e6 6. Bf4 dxc4 7. e3 a6 8. Bxc4 b5 9. Ba2 Nbd7 10. d5 Nc5 11. dxe6 Nd3+ 12. Ke2 Nxf4+ 13. exf4 fxe6 14. Qxd8+ Rxd8 15. Rhe1 Bd6 16. g3 Nd5 17. Ng5 Rd7 18. Nxe6 Nxc3+ 19. bxc3 Re7 20. Kf1 Kd7 21. Ng5 Rhe8 22. Rxe7+ Rxe7 23. Bb3 c5 24. Nxh7 Be4 25.
Ng5 Bd3+ 26. Kg1 c4 27. Ba2 Re2 28. Nf7 Bc5 29. Ne5+ Kc7 30. Nxd3 cxd3 31. Bb3 Rxf2 32. Kh1 Re2 33. Rd1 d2 34. a4 bxa4 35. Bxa4 Be3 36.
h4 Kd6 37. h5 Kd5 38. f5 Kc4 39. g4 Kxc3 0-1

[Event "Late-Titled-Tuesday-Blitz-June-18-2024"]
[Site "Chess.com"]
[Date "2024.06.18"]
[Round "4"]
[White "Zurability"]
[Black "maximnovik"]
[Result "1-0"]
[WhiteElo "2796"]
[BlackElo "2573"]
[TimeControl "180+1"]
[EndTime "14:41:33 PDT"]
[Termination "Zurability won by resignation"]

1. e4 e5 2. Nf3 Nc6 3. Bc4 Nf6 4. d3 Bc5 5. c3 d6 6. h3 h6 7. Bb3 a6 8. Nbd2 Ba7 9. Nf1 Nh5 10. d4 O-O 11. Be3 Qf6 12. d5 Ne7 13. Bxa7 Rxa7 14. g3 g5 15. Ne3 Ng7 16. Bc2 Ra8 17. Qe2 Bd7 18. O-O-O c6 19. dxc6 bxc6 20. Ng4 Qg6 21. Ngxe5 Qe6 22. Nxd7 Qxd7 23. e5 d5 24. h4 g4 25. Nd4 c5 26. Qd3 Ng6 27. h5 c4 28.
Qe3 Ne7 29. Qxh6 Nef5 30. Nxf5 Nxf5 31. Qg5+ Ng7 32. h6 f6 33. exf6 Rxf6 34. Qxf6 Ne8 35. h7+ 1-0

[Event "Late-Titled-Tuesday-Blitz-June-18-2024"]
[Site "Chess.com"]
[Date "2024.06.18"]
[Round "4"]
[White "maurovargas01"]
[Black "NigelDwarf"]
[Result "0-1"]
[WhiteElo "1956"]
[BlackElo "2443"]
[TimeControl "180+1"]
[EndTime "14:41:34 PDT"]
[Termination "NigelDwarf won by checkmate"]

1. e4 a6 2. Nc3 b5 3. d3 g6 4. Nd5 Bg7 5. f4 e6 6. Ne3 Ne7 7. Nf3 c5 8. g4 Nbc6 9. Bg2 Bb7 10. O-O Qc7 11. f5 Nd4 12. c3 h5 13. cxd4 cxd4 14.
Nc2 hxg4 15. Nfxd4 Qxh2+ 16. Kf2 Rh3 17. Rh1 Qg3+ 18.
Kf1 Rxh1+ 19. Bxh1 gxf5 20. Qe2 O-O-O 21. Qe3 Qh2 22.
Bg2 fxe4 23. dxe4 f5 24. Nxb5 axb5 25. Qc5+ Nc6 26. exf5 Rf8 27. Bxc6 Rxf5+ 28. Ke1 Rxc5 29. Bxb7+ Kxb7 30. Ne3 g3 31. Bd2 Bxb2 32. Rd1 Bc3 33. Bxc3 Qf2# 0-1

[Event "Late-Titled-Tuesday-Blitz-June-18-2024"]
[Site "Chess.com"]
[Date "2024.06.18"]
[Round "4"]
[White "Sanan_Sjugirov"]
[Black "ZverevLev"]
[Result "0-1"]
[WhiteElo "2955"]
[BlackElo "2733"]
[TimeControl "180+1"]
[EndTime "14:41:35 PDT"]
[Termination "ZverevLev won on time"]

1. d4 Nf6 2. Bg5 d5 3. e3 e6 4. Nd2 Be7 5. Bd3 O-O 6. Ngf3 Nbd7 7. c3 c5 8. Ne5 Nxe5 9. dxe5 Nd7 10. Bf4 f5 11. h4 b6 12. Nf3 Bb7 13. Qe2 a6 14. Ng5 Bxg5 15. hxg5 g6 16. Rh6 Rf7 17. g4 Nf8 18.
O-O-O Qd7 19. Bc2 b5 20. f3 a5 21. Bg3 b4 22. c4 fxg4 23. fxg4 d4 24. e4 a4 25. Bd3 Qe7 26. Qd2 Rf3 27. Rh3 Qf7 28.
Rdh1 Re3 29. Bf2 Bxe4 30. Bxe4 Rxe4 31. Qd3 Rxe5 32. Rf3 Qb7 33. Rf1 Qe4 34. Qd1 b3 35. a3 Qe2 0-1

[Event "Late-Titled-Tuesday-Blitz-June-18-2024"]
[Site "Chess.com"]
[Date "2024.06.18"]
[Round "4"]
[White "dabee"]
[Black "DeTimmerman"]
[Result "0-1"]
[WhiteElo "2547"]
[BlackElo "2741"]
[TimeControl "180+1"]
[EndTime "14:41:35 PDT"]
[Termination "DeTimmerman won on time"]

1. d4 Nf6 2. Bg5 d5 3. e3 c5 4. Nf3 Nc6 5. c3 e6 6. Nbd2 Be7 7. Bd3 Nd7 8. Bf4 a6 9. Qe2 b5 10. Rd1 f5 11. Ne5 Ncxe5 12. dxe5 O-O 13. h4 c4 14. Bc2 b4 15. g4 bxc3 16. bxc3 Qa5 17. gxf5 exf5 18. Nf3 Qxc3+ 19. Kf1 Nc5 20. Rg1 Be6 21. Ng5 Bxg5 22. hxg5 g6 23. Rh1 Rab8 24. Bb1 Rb2 25.
Qf3 Ne4 26. Bxe4 fxe4 27. Qg3 Qc2 28. Re1 Bg4 29. Kg1 Bf3 30. Rh2 Rf7 31. e6 Rfb7 32.
Be5 Rb1 0-1

[Event "Late-Titled-Tuesday-Blitz-June-18-2024"]
[Site "Chess.com"]
[Date "2024.06.18"]
[Round "4"]
[White "FairChess_on_YouTube"]
[Black "Yaacovn"]
[Result "1-0"]
[WhiteElo "3095"]
[BlackElo "2795"]
[TimeControl "180+1"]
[EndTime "14:41:36 PDT"]
[Termination "FairChess_on_YouTube won by resignation"]

1. c4 b6 2. d4 e6 3. Nc3 Bb4 4.
e4 Bb7 5. f3 Ne7 6. Bd3 Bxc3+ 7. bxc3 f5 8. Bg5 fxe4 9. fxe4 O-O 10. Qh5 Qe8 11. Qxe8 Rxe8 12. Nf3 d6 13. c5 Nd7 14. cxd6 cxd6 15. Kd2 h6 16. Bh4 Ng6 17. Bg3 e5 18. d5 Nc5 19. Bc2 Rf8 20. a4 Nf4 21. Ne1 Rac8 22. a5 b5 23. Rf1 g5 24. Bf2 a6 25.
Bxc5 Rxc5 26. g3 Nh5 27. Nd3 Rcc8 28. Nb4 Nf6 29. Bd3 Kg7 30. Rac1 Ng4 31. Be2 Nxh2 32. Rxf8 Rxf8 33. c4 bxc4 34. Rxc4 Bc8 35. Rc7+ Kg6 36. Rc6 Rd8 37. Nxa6 h5 38. Nc5 h4 39. gxh4 gxh4 40.
a6 h3 41. a7 Bg4 42. Rxd6+ 1-0

[Event "Late-Titled-Tuesday-Blitz-June-18-2024"]
[Site "Chess.com"]
[Date "2024.06.18"]
[Round "4"]
[White "Aygehovit1992"]
[Black "Lady_Nika"]
[Result "1-0"]
[WhiteElo "2794"]
[BlackElo "2519"]
[TimeControl "180+1"]
[EndTime "14:41:36 PDT"]
[Termination "Aygehovit1992 won by resignation"]

1. e4 c5 2. Nc3 e6 3. d4 cxd4 4. Qxd4 Nc6 5. Qe3 a6 6. Qg3 g6 7. Bf4 Bg7 8. O-O-O Qa5 9. Bc7 Qb4 10. Bd6 Qa5 11.
Nge2 Nge7 12. h4 h5 13. f4 b5 14. Qg5 f6 15. Qc5 Bb7 16. Nd4 Nxd4 17. Rxd4 Rc8 18. Ra4 Rxc5 19. Rxa5 Rc6 20. Ba3 Bh6 21. g3 e5 22.
Nxb5 axb5 23. Bxb5 exf4 24. gxf4 Bxf4+ 25. Kb1 Rc7 26. Rd1 Bxe4 27. Ba4 Kf7 28. Bb3+ d5 29. Ra4 f5 30.
Rf1 Be5 31. Rxe4 Bf6 32. Re2 Rb8 33. Bd6 1-0

[Event "Late-Titled-Tuesday-Blitz-June-18-2024"]
[Site "Chess.com"]
[Date "2024.06.18"]
[Round "4"]
[White "LaStreetCmaMaison"]
[Black "SpeedofLight0"]
[Result "0-1"]
[WhiteElo "2617"]
[BlackElo "3030"]
[TimeControl "180+1"]
[EndTime "14:41:37 PDT"]
[Termination "SpeedofLight0 won by checkmate"]

1. c4 b6 2. e4 Bb7 3. Nc3 e5 4.
Nf3 Nc6 5. d4 exd4 6. Nxd4 Bb4 7. Nf5 Qf6 8. Bd2 Nge7 9. a3 Bc5 10. b4 Nxf5 11. bxc5 Nh4 12. Nd5 Qe5 13. Qb1 O-O-O 14. cxb6 axb6 15. Bf4 Qd4 16. Bxc7 Rhe8 17. f3 Ne5 18. Bxb6 Nexf3+ 19. gxf3 Nxf3+ 20. Ke2 Rxe4+ 21. Kxf3 Rf4+ 22. Kg3 Rg4+ 23. Kh3 Rh4+ 24. Kg3 Rg4+ 25. Kh3 Rh4+ 26. Kg3 Qg4+ 27. Kf2 Re8 28. Qd3 Rh5 29. Bg2 Rf5+ 30. Kg1 Re2 31. Qh3 Qg6 32. Rf1 Bxd5 33. cxd5 Qxb6+ 34. Rf2 Qxf2# 0-1

[Event "Late-Titled-Tuesday-Blitz-June-18-2024"]
[Site "Chess.com"]
[Date "2024.06.18"]
[Round "4"]
[White "subham777"]
[Black "penguingm1"]
[Result "1-0"]
[WhiteElo "2627"]
[BlackElo "2929"]
[TimeControl "180+1"]
[EndTime "14:41:37 PDT"]
[Termination "subham777 won on time"]

1. e4 e5 2. Nf3 Nc6 3. Bc4 Bc5 4. c3 Nf6 5. d3 a6 6. Nbd2 Ba7 7. Nf1 d5 8. exd5 Nxd5 9. Ng3 O-O 10. O-O Re8 11.
Ng5 Be6 12. Qf3 Nf4 13. Bxf4 Bxc4 14. dxc4 exf4 15. Qxf4 Qe7 16. h4 Ne5 17. h5 Nd3 18. Qg4 h6 19. N5e4 Ne5 20. Qh3 Nxc4 21. Rae1 Nd6 22. Qg4 Nxe4 23. Rxe4 Qf6 24. Rf4 Qg5 25. Qf3 Re7 26. Rg4 Qe5 27. Nf5 Re6 28. Nxg7 Rf6 29. Qxb7 Rb8 30. Qxa7 Rb5 31. Qa8+ Kh7 32. Nf5 1-0

[Event "Late-Titled-Tuesday-Blitz-June-18-2024"]
[Site "Chess.com"]
[Date "2024.06.18"]
[Round "4"]
[White "Sondremelaa"]
[Black "merinasian"]
[Result "1-0"]
[WhiteElo "2620"]
[BlackElo "2397"]
[TimeControl "180+1"]
[EndTime "14:41:37 PDT"]
[Termination "Sondremelaa won by resignation"]

1. e4 c6 2. d4 d5 3. e5 c5 4. c3 Nc6 5. Be2 Bf5 6. Nf3 e6 7. O-O f6 8. exf6 Nxf6 9. Bb5 Bd6 10. Re1 O-O 11. Bxc6 bxc6 12. Ne5 Qc7 13. Bf4 cxd4 14.
cxd4 c5 15. dxc5 Qxc5 16. Nc3 Qb4 17. Qd2 d4 18. Nb1 Nd5 19. Qxb4 Bxb4 20. Bd2 Bd6 21. Nc4 Bc5 22. Nba3 Rab8 23. Rac1 h6 24. h3 Nb4 25.
Bxb4 Bxb4 26. Red1 d3 27. Ne3 Bg6 28. Nac4 Bc5 29. Ne5 Bxe3 30. fxe3 Be4 31. Nxd3 Rfd8 32. Nc5 Bc6 33. Rxd8+ Rxd8 34. Nxe6 Rd6 35. Nd4 Bd5 36.
a3 Rb6 37. b4 Ra6 38. Rc3 Be4 39. Kf2 Rf6+ 40. Kg1 Rg6 41. g4 h5 42. Rc7 hxg4 43. hxg4 Rxg4+ 44. Kf2 Rg2+ 45. Ke1 a6 46. Ne6 g5 47.
Rg7+ Kh8 48. Rxg5 Ra2 49. Ra5 Kh7 50. Ng5+ Kg6 51. Nxe4 1-0

[Event "Late-Titled-Tuesday-Blitz-June-18-2024"]
[Site "Chess.com"]
[Date "2024.06.18"]
[Round "4"]
[White "Viktor_Poddubnyi"]
[Black "fabianvivasz"]
[Result "1-0"]
[WhiteElo "2349"]
[BlackElo "2489"]
[TimeControl "180+1"]
[EndTime "14:41:37 PDT"]
[Termination "Viktor_Poddubnyi won on time"]

1. e4 e5 2. f4 Nc6 3. Nf3 Bc5 4.
fxe5 Nd4 5. c3 Nxf3+ 6. Qxf3 Qg5 7. h4 Qh6 8. g4 f6 9. g5 fxg5 10. d4 Be7 11. hxg5 Qg6 12. Qg2 b6 13. Bf4 Bb7 14. Nd2 O-O-O 15. O-O-O Qf7 16. Qg3 Qxa2 17. Bc4 Qa5 18.
Kc2 b5 19. Ra1 Qb6 20. Bd5 Bxd5 21. exd5 Kb7 22. d6 cxd6 23. exd6 Bf8 24. Nb3 Rc8 25. Nc5+ Rxc5 26. dxc5 Qxc5 27. Rhe1 Qf5+ 28. Kc1 1-0

[Event "Late-Titled-Tuesday-Blitz-June-18-2024"]
[Site "Chess.com"]
[Date "2024.06.18"]
[Round "4"]
[White "nochewycandy"]
[Black "bazar-wokzal"]
[Result "1-0"]
[WhiteElo "2808"]
[BlackElo "2587"]
[TimeControl "180+1"]
[EndTime "14:41:38 PDT"]
[Termination "nochewycandy won on time"]

1. c4 e5 2. g3 Nf6 3. Bg2 c6 4.
d4 exd4 5. Qxd4 d5 6. Nf3 Be6 7.
cxd5 cxd5 8. O-O Nc6 9. Qa4 Be7 10. Nc3 O-O 11. Bf4 Qa5 12. Qxa5 Nxa5 13. Nd4 Nc6 14.
Rfd1 Nxd4 15. Rxd4 Bc5 16. Rdd1 Rad8 17. Rac1 h6 18. h3 Nh5 19. Be5 f6 20. Bd4 Bb4 21.
e3 Bxc3 22. Rxc3 f5 23. Rc7 Rf7 24. Rdc1 b6 25. Rxf7 Kxf7 26. Rc7+ Rd7 27. Rxd7+ Bxd7 28. Bxd5+ Ke7 29. Bf3 Nf6 30. Kf1 g5 31. h4 Be6 32.
b3 Ne4 33. Ke2 Bd7 34. Bg7 g4 35. Bg2 h5 36. Ke1 Bb5 37. Be5 Bd3 38. f3 Nc5 39. fxg4 fxg4 40. Bb8 a6 41. Ba7 Nd7 42. Kd2 Bb1 43.
Kc3 Kd6 44. a4 Kc7 45. b4 Nf6 46. Kd4 1-0

[Event "Late-Titled-Tuesday-Blitz-June-18-2024"]
[Site "Chess.com"]
[Date "2024.06.18"]
[Round "4"]
[White "esskeettit"]
[Black "Good_Knight_Kiss"]
[Result "0-1"]
[WhiteElo "2511"]
[BlackElo "2381"]
[TimeControl "180+1"]
[EndTime "14:41:38 PDT"]
[Termination "Good_Knight_Kiss won on time"]

1. d4 Nf6 2. c4 g6 3. Nc3 Bg7 4. e4 d6 5. Nf3 O-O 6. Be2 e5 7. O-O Nc6 8. d5 Ne7 9. b4 a5 10. Ba3 axb4 11. Bxb4 Nd7 12. a4 Bh6 13. a5 f5 14.
exf5 gxf5 15. Qb3 Kh8 16. Nb5 Ng6 17. g3 Rg8 18. Kh1 Nf6 19. Bc3 Ne4 20. Bb2 c6 21.
Nc3 Nxc3 22. Bxc3 cxd5 23. cxd5 Qf6 24. Nd2 Ne7 25. f4 Bg7 26. Nc4 Nxd5 27. Bb2 Qe7 28. Rad1 Be6 29. Bf3 Ne3 30. Qxe3 Bxc4 31. Rfe1 e4 32.
Bxg7+ Qxg7 33. Bh5 d5 34. Qb6 Ra6 35. Qb4 Rga8 0-1

[Event "Late-Titled-Tuesday-Blitz-June-18-2024"]
[Site "Chess.com"]
[Date "2024.06.18"]
[Round "4"]
[White "ArmanGhevondyanchess"]
[Black "KaydenTroffChess"]
[Result "0-1"]
[WhiteElo "2593"]
[BlackElo "2817"]
[TimeControl "180+1"]
[EndTime "14:41:40 PDT"]
[Termination "KaydenTroffChess won by checkmate"]

1. Nf3 Nf6 2. d4 g6 3. g3 Bg7 4. Bg2 O-O 5. O-O d5 6. Ne5 Nfd7 7. Nxd7 Qxd7 8. c3 b6 9. e4 Bb7 10. Re1 dxe4 11. Bxe4 Bxe4 12. Rxe4 c5 13. d5 e6 14. c4 Nc6 15. Nc3 exd5 16. Nxd5 Nd4 17. Be3 Kh8 18. Bxd4 Bxd4 19. Rxd4 cxd4 20. Qxd4+ f6 21. Re1 Rf7 22.
Kg2 Raf8 23. b3 Kg7 24. Rd1 h5 25. h4 Qf5 26. Ne3 Qe6 27. Rd2 Re8 28. Nd5 Qe4+ 29.
Qxe4 Rxe4 30. Nc3 Re1 31. Nb5 Ra1 32. a4 Rb1 33. Rd3 Re7 34. Kf3 g5 35. hxg5 fxg5 36. Nd4 Kg6 37. Nc6 g4+ 38. Kg2 Ree1 39. f4 Re2# 0-1

[Event "Late-Titled-Tuesday-Blitz-June-18-2024"]
[Site "Chess.com"]
[Date "2024.06.18"]
[Round "4"]
[White "FMalexhdez"]
[Black "betta2004"]
[Result "0-1"]
[WhiteElo "2282"]
[BlackElo "2474"]
[TimeControl "180+1"]
[EndTime "14:41:40 PDT"]
[Termination "betta2004 won by resignation"]

1. e4 c6 2. d4 d5 3. exd5 cxd5 4. Bd3 Nf6 5. c3 Bg4 6. Qb3 Qc7 7. Ne2 Bxe2 8.
Bxe2 e6 9. Nd2 Nc6 10. Nf3 Bd6 11.
O-O O-O 12. Bd3 Ne4 13. Bxe4 dxe4 14. Nd2 Bxh2+ 15. Kh1 Na5 16. Qa4 f5 17. g3 Bxg3 18. fxg3 Qxg3 19. Nxe4 Qh3+ 20. Kg1 fxe4 21. Bf4 Rxf4 22.
Rxf4 Qg3+ 23. Kh1 Qxf4 24. Qxa5 Rf8 25. Qe5 Qh4+ 26. Kg1 Qf2+ 27. Kh1 e3 28. Qh2 e2 29. Qxf2 Rxf2 30. Kg1 Rf1+ 31. Rxf1 exf1=Q+ 32. Kxf1 g5 33. c4 Kf7 34. b4 Ke7 35. Kf2 Kd6 36. Kf3 h5 37. a4 e5 38. c5+ Kd5 39. dxe5 Kxe5 40. b5 Kd5 0-1

[Event "Late-Titled-Tuesday-Blitz-June-18-2024"]
[Site "Chess.com"]
[Date "2024.06.18"]
[Round "4"]
[White "Pachonpower"]
[Black "KamilaHryshchenko"]
[Result "0-1"]
[WhiteElo "2434"]
[BlackElo "2148"]
[TimeControl "180+1"]
[EndTime "14:41:40 PDT"]
[Termination "KamilaHryshchenko won by checkmate"]

1. e4 d6 2. d4 g6 3. Nc3 Bg7 4. Be3 c6 5. Qd2 b5 6. f3 Nd7 7.
Nge2 Nb6 8. Ng3 h5 9. h4 Nf6 10. O-O-O b4 11. Nb1 a5 12. Bg5 Qc7 13. e5 Nfd5 14.
exd6 Qxd6 15. Re1 O-O 16. Ne4 Qc7 17. Bh6 e5 18. Bxg7 Kxg7 19. g4 Rh8 20. Be2 Be6 21. gxh5 Rxh5 22. f4 Nxf4 23. Bxh5 Nxh5 24. Ng5 Bxa2 25.
Rhg1 b3 26. Nc3 a4 27. dxe5 a3 28. e6 axb2+ 29. Kxb2 Nc4+ 30. Kc1 b2+ 31. Kd1 Nxd2 32. Kxd2 Rd8+ 33. Ke2 Bc4+ 34. Kf2 Qf4+ 35. Nf3 Rd2+ 36.
Ne2 Bxe2 37. Rxe2 Rxe2+ 38. Kxe2 fxe6 39. Rb1 Qb4 40. Ng5 Nf4+ 41. Ke3 e5 42. Ne4 Qd4+ 43. Kf3 Kf8 44. Nf2 Ke7 45. Ne4 Nd5 46. Ng5 Nc3 47. Rxb2 Qf4+ 48. Kg2 Qxh4 49. Nf3 Qg4+ 50. Kf2 Nd1+ 51.
Ke2 Nxb2 52. Ke3 Qf4+ 53. Ke2 Nc4 54. Ne1 e4 55. c3 Qe3+ 56. Kd1 Qd2# 0-1

[Event "Late-Titled-Tuesday-Blitz-June-18-2024"]
[Site "Chess.com"]
[Date "2024.06.18"]
[Round "4"]
[White "EliteChess0967"]
[Black "JAN2404"]
[Result "1-0"]
[WhiteElo "2392"]
[BlackElo "2072"]
[TimeControl "180+1"]
[EndTime "14:41:40 PDT"]
[Termination "EliteChess0967 won on time"]

1. d4 Nf6 2. Nf3 g6 3. g3 Bg7 4.
Bg2 O-O 5. O-O d6 6. b3 c6 7.
Bb2 Bf5 8. c4 d5 9. Nc3 Re8 10.
e3 Na6 11. Qe2 Ne4 12. Rfd1 Qa5 13. Nxe4 Bxe4 14. a3 b5 15. b4 Qb6 16. cxb5 cxb5 17.
Rdc1 Rac8 18. Bf1 h5 19. Nd2 Bc2 20. Qxb5 Nb8 21. Nb1 Qd6 22. Nc3 Be4 23. Qe2 e5 24. Nxe4 dxe4 25. dxe5 Bxe5 26. Bxe5 Qxe5 27. a4 Nc6 28.
Qc4 Re7 29. b5 Rec7 30. Qc3 Qxc3 31. Rxc3 Nb4 32. Rxc7 Rxc7 33. a5 Rb7 34. Rb1 Nc2 35.
Rb3 Ne1 36. Be2 1-0

[Event "Late-Titled-Tuesday-Blitz-June-18-2024"]
[Site "Chess.com"]
[Date "2024.06.18"]
[Round "4"]
[White "Laico"]
[Black "BillCoe"]
[Result "1-0"]
[WhiteElo "2444"]
[BlackElo "2090"]
[TimeControl "180+1"]
[EndTime "14:41:41 PDT"]
[Termination "Laico won by resignation"]

1. e4 c5 2. Nc3 e6 3. f4 d5 4. Nf3 d4 5. Bb5+ Bd7 6. Bxd7+ Qxd7 7. Nb1 Nc6 8. d3 Be7 9. O-O Nf6 10. Nbd2 O-O 11.
Nc4 b5 12. Nce5 Nxe5 13. fxe5 Ne8 14. Qe1 Rc8 15. Qg3 g6 16. Bh6 Ng7 17. Ng5 Bxg5 18.
Bxg5 c4 19. Bf6 Nh5 20. Qg5 cxd3 21. cxd3 Rfd8 22. Qh6 Qe8 23. g4 Nxf6 24. exf6 Qf8 25. Qg5 Rc5 26. Qd2 Rdc8 27. Rac1 Qd8 28. Rxc5 Rxc5 29.
Qb4 Rg5 30. Qe7 Qf8 31. h3 h5 32. Rc1 Qb8 33. Rc7 Qxc7 34. Qxc7 hxg4 35. h4 Rh5 36. Qd8+ Kh7 37. Qf8 1-0

[Event "Late-Titled-Tuesday-Blitz-June-18-2024"]
[Site "Chess.com"]
[Date "2024.06.18"]
[Round "4"]
[White "CSB7"]
[Black "JackRodgers"]
[Result "1-0"]
[WhiteElo "2771"]
[BlackElo "2565"]
[TimeControl "180+1"]
[EndTime "14:41:44 PDT"]
[Termination "CSB7 won on time"]

1. d4 Nf6 2. c4 c5 3. d5 e5 4.
Nc3 d6 5. e4 Be7 6. h3 h5 7.
Be2 Na6 8. Nf3 h4 9. O-O Bd7 10. Ne1 g6 11. a3 Rb8 12. Nd3 Nh5 13. Bxh5 Rxh5 14. f4 exf4 15. Bxf4 Nc7 16. e5 Bf5 17.
exd6 Bxd6 18. Bxd6 Qxd6 19. Nf4 Rg5 20. Qe1+ Qe7 21.
Qxh4 Kd7 22. d6 Kxd6 23. Qf2 Ne6 24. Rad1+ Nd4 25. Nb5+ Kc6 26. Nxd4+ cxd4 27. Qxd4 Be4 28. Rf2 Re8 29. Qxa7 b6 30. Qa4+ Kc7 31. Nd5+ Bxd5 32. cxd5 1-0

[Event "Late-Titled-Tuesday-Blitz-June-18-2024"]
[Site "Chess.com"]
[Date "2024.06.18"]
[Round "4"]
[White "Lupul_Cenusiu"]
[Black "RZ0"]
[Result "0-1"]
[WhiteElo "2679"]
[BlackElo "2541"]
[TimeControl "180+1"]
[EndTime "14:41:44 PDT"]
[Termination "RZ0 won on time"]

1. e4 c5 2. Nc3 a6 3. g3 b5 4. Bg2 Bb7 5. d3 e6 6. Nh3 d5 7. exd5 Nf6 8. O-O b4 9. Ne4 Nxd5 10. Bg5 Qb6 11. Nd2 h6 12. Nc4 Qc7 13. Bd2 Be7 14.
Nf4 Nf6 15. Nh5 Bxg2 16. Kxg2 Nxh5 17. Qxh5 Nd7 18. a3 O-O 19. axb4 cxb4 20. Qf3 b3 21. cxb3 Rab8 22. Rxa6 Rxb3 23. Rfa1 Bc5 24. Rc6 Qb8 25.
Bc3 Bb4 26. Bxb4 Qxb4 27. Rc7 Nf6 28. Raa7 Qe1 29. h3 Qb1 30. Ne5 Rxb2 31. Nxf7 Nd5 32. Rd7 Kh7 33. Qg4 Qxd3 34. Ne5 Rbxf2+ 0-1

[Event "Late-Titled-Tuesday-Blitz-June-18-2024"]
[Site "Chess.com"]
[Date "2024.06.18"]
[Round "4"]
[White "vi_pranav"]
[Black "SchmakAttack"]
[Result "1-0"]
[WhiteElo "3039"]
[BlackElo "2824"]
[TimeControl "180+1"]
[EndTime "14:41:45 PDT"]
[Termination "vi_pranav won by checkmate"]

1. e4 e5 2. Nf3 Nc6 3. Bb5 a6 4. Ba4 Nf6 5. O-O Be7 6. d3 b5 7. Bb3 d6 8. c3 O-O 9. a4 Rb8 10. Na3 h6 11. h3 Re8 12. Re1 Bf8 13.
axb5 axb5 14. Nc2 d5 15. exd5 Nxd5 16. d4 e4 17. Ne5 Nxe5 18. dxe5 Rxe5 19. Bf4 Rf5 20. Bg3 Bb7 21. Nd4 Rg5 22. Ra7 e3 23.
Qf3 Bc5 24. Rxb7 Rxb7 25. fxe3 Rb6 26. Bh4 Rxg2+ 27. Kxg2 Qxh4 28. Qxd5 Rg6+ 29. Kf1 Qxh3+ 30. Ke2 Rg2+ 31. Kd1 Bxd4 32. Qxf7+ Kh8 33. Qg8# 1-0

[Event "Late-Titled-Tuesday-Blitz-June-18-2024"]
[Site "Chess.com"]
[Date "2024.06.18"]
[Round "4"]
[White "AustinThomas12345"]
[Black "Nicolik"]
[Result "0-1"]
[WhiteElo "2473"]
[BlackElo "2653"]
[TimeControl "180+1"]
[EndTime "14:41:45 PDT"]
[Termination "Nicolik won by resignation"]

1. e4 c5 2. Nf3 Nc6 3. d4 cxd4 4. Nxd4 Nf6 5. Nc3 e6 6. Ndb5 Bc5 7. Bf4 O-O 8. Bd6 Qb6 9. Bxc5 Qxc5 10. Qd6 Qb6 11.
Qc7 Qc5 12. Qd6 Qh5 13. Be2 Qh6 14. O-O a6 15. Nd4 Nxd4 16. Qxd4 Qf4 17. Rad1 b5 18. Qd6 Qxd6 19. Rxd6 b4 20. Na4 Nxe4 21. Rd4 d5 22. Rxb4 Bd7 23. Bd3 Bxa4 24. Bxe4 Bb5 25. Bd3 Bxd3 26.
cxd3 Rfc8 27. f4 g6 28. g4 Rc2 29. f5 gxf5 30. gxf5 Kh8 31. fxe6 Rg8+ 32. Kh1 fxe6 33. Rb7 Rd2 34. Rg1 Rxg1+ 35. Kxg1 Rxd3 36. Rb6 e5 37. Rxa6 Rd2 38. Re6 e4 39. Re7 Rxb2 40. Re5 Rd2 41.
a4 Kg7 42. a5 Kf6 43. Rh5 e3 44. Kf1 d4 45. a6 Ra2 46. h4 d3 47. Rh6+ Ke5 48. Rh5+ Kf4 49. Rxh7 Ra1+ 50. Kg2 d2 51. Rf7+ Kg4 52. Rg7+ Kxh4 53. a7 d1=Q 54. Rh7+ Kg5 55. Rg7+ Kf6 0-1

[Event "Late-Titled-Tuesday-Blitz-June-18-2024"]
[Site "Chess.com"]
[Date "2024.06.18"]
[Round "4"]
[White "EmmaChess"]
[Black "CheckBits"]
[Result "1-0"]
[WhiteElo "2633"]
[BlackElo "2403"]
[TimeControl "180+1"]
[EndTime "14:41:45 PDT"]
[Termination "EmmaChess won on time"]

1. d4 d5 2. Nf3 e6 3. Bg5 Nf6 4. Nbd2 h6 5. Bh4 Be7 6. e3 O-O 7.
Bd3 c5 8. c3 Nbd7 9. O-O b6 10.
h3 Bb7 11. Qb1 Rc8 12. b4 cxb4 13. cxb4 Qc7 14. a3 Bd6 15. Bxf6 Nxf6 16. Rc1 Qe7 17. Qb2 Ne4 18. Be2 a5 19. bxa5 bxa5 20. Rxc8 Rxc8 21. Nxe4 dxe4 22. Nd2 Bd5 23. a4 Rb8 24. Qc2 Bb4 25. Nxe4 Qb7 26. Bf3 Rc8 27. Qd3 f5 28. Nd2 Rc3 29.
Bxd5 Rxd3 30. Bxb7 Rxd2 31. Bc8 Kf7 32. Rc1 f4 33. Rc7+ 1-0

[Event "Late-Titled-Tuesday-Blitz-June-18-2024"]
[Site "Chess.com"]
[Date "2024.06.18"]
[Round "4"]
[White "HowTo2Draw"]
[Black "RichardShtivelband"]
[Result "0-1"]
[WhiteElo "2511"]
[BlackElo "2389"]
[TimeControl "180+1"]
[EndTime "14:41:45 PDT"]
[Termination "RichardShtivelband won by checkmate"]

1. c4 e5 2. Nc3 g6 3. Nf3 Bg7 4. d3 c6 5. g3 d5 6. cxd5 cxd5 7. Bg2 Ne7 8. O-O O-O 9. Bg5 Nbc6 10. Rc1 h6 11. Bd2 Be6 12. a3 Rc8 13. Na4 b6 14. Nc3 Qd7 15. b4 d4 16. Nb1 Nd5 17. Qa4 f5 18. b5 Nce7 19. Rxc8 Rxc8 20. Rc1 Rxc1+ 21. Bxc1 Qc7 22. Bd2 Nc3 23. Bxc3 dxc3 24.
Qc2 e4 25. dxe4 fxe4 26. Ne1 e3 27. f4 Nf5 28. Qe4 Ba2 29. Qc2 Qc4 30. Bf3 Bxb1 31. Qxb1 Nd4 32. Be4 Qxe2 33. Bd3 Qf2+ 34. Kh1 Nf3 35.
Nxf3 Qxf3+ 36. Kg1 e2 37. Qa2+ Kf8 38. Bxe2 Bd4# 0-1